 Dungeon Crawl Stone Soup version 0.32-a0-128-g77eb882913 (webtiles) character file.

Game seed: 9752974380017454058

970 Arex the Ruffian (level 7, 0/55 HPs)
             Began as a Demonspawn Shapeshifter on Feb 7, 2024.
             Slain by a kobold brigand
             ... wielding a +0 club
              (8 damage)
             ... in a sewer.
             The game lasted 00:07:33 (3542 turns).

Arex the Ruffian (Demonspawn Shapeshifter)          Turns: 3542, Time: 00:07:34

Health: 0/55       AC:  2    Str: 16    XL:     7   Next: 94%
Magic:  7/7        EV: 18    Int: 14    God:
Gold:   266        SH:  0    Dex: 13    Spells: 6/6 levels left

rFire   . . .        x - +1 triple sword (flame)
rCold   . . .        (shield currently unavailable)
rNeg    . . .        a - +0 animal skin
rPois   .            (helmet currently unavailable)
rElec   .            (cloak currently unavailable)
rCorr   .            (gloves currently unavailable)
SInv    .            (boots currently unavailable)
Will    .....        i - amulet of regeneration
Stlth   +            e - +5 ring of evasion
HPRegen 1.09/turn    (no ring)
MPRegen 0.10/turn

%: no passive effects
@: beast-form, very slow
A: beast (slay +2), powered by death 2, big brain 2, demonic touch 1
a: Begin Untransformation


You were in a sewer.
You were a hulking beast.
You visited 1 branch of the dungeon, and saw 5 of its levels.
You also visited: Sewer and Ossuary.

You collected 266 gold pieces.

Inventory:

Hand Weapons
 s - a +2 whip of freezing
 x - a +1 triple sword of flaming (weapon)
Missiles
 r - a throwing net (quivered)
Armour
 a - a +0 animal skin (worn)
 j - a +0 cloak
Jewellery
 e - a +5 ring of evasion (left hand)
 i - an amulet of regeneration (around neck)
 p - a ring of wizardry
Talismans
 c - a beast talisman
 d - a flux talisman
Scrolls
 f - 3 scrolls of fog
 g - 3 scrolls of enchant armour
 k - a scroll of blinking
 l - a scroll of poison
 o - a scroll of teleportation
 q - 2 scrolls of enchant weapon
 w - a scroll of fear
Potions
 b - a potion of lignification
 h - 4 potions of resistance
 m - 2 potions of magic
 n - 2 potions of haste {unknown}
 t - 2 potions of enlightenment {unknown}
 u - a potion of mutation {unknown}


   Skills:
 + Level 4.5 Fighting
 + Level 4.4 Dodging
 + Level 5.0 Unarmed Combat
 + Level 4.6 Shapeshifting


You had 6 spell levels left.
You didn't know any spells.
Your spell library contained the following spells:

 Spells                   Type           Power      Damage    Failure   Level
 Magic Dart               Conj           0%         1d3       28%         1
 Searing Ray              Conj           0%         2d4       41%         2
 Dazzling Flash           Conj/Hex       0%         N/A       65%         3
 Gell's Gravitas          Tloc           0%         N/A       65%         3
 Mephitic Cloud           Conj/Alch/Air  0%         N/A       65%         3
 Volatile Blastmotes      Fire/Tloc      0%         2d10      65%         3
 Fulminant Prism          Conj/Alch      0%         3d5       96%         4
 Iskenderun's Mystic Bla  Conj/Tloc      0%         2d3       96%         4
 Curse of Agony           Necr           0%         N/A       100%        5
 Silence                  Hex/Air        0%         N/A       100%        5


Dungeon Overview and Level Annotations

Branches:
Dungeon (5/15)              Sewer (1/1)             Ossuary (visited)
 Temple: D:4-7

Altars:
Uskayaw


Innate Abilities, Weirdness & Mutations

You are a hulking beast.
Your limbs bulge with bestial killing power. (Slay +2)
You regenerate health from kills.
You have an extremely huge brain. (Int +4)
Your touch may inflict minor irresistible damage on your foes.


Message History

The kobold brigand splashes around in the water.
Your unstable footing causes you to fumble your attack.
The kobold brigand splashes around in the water.
The kobold brigand barely misses you.
Your unstable footing causes you to fumble your attack.
The kobold brigand misses you. The kobold brigand closely misses you.
Your unstable footing causes you to fumble your attack.
The kobold brigand closely misses you. The kobold brigand misses you.
You closely miss the kobold brigand.
The kobold brigand hits you with a +0 club!
Your unstable footing causes you to fumble your attack.
The kobold brigand barely misses you.
The kobold brigand hits you with a +0 club.
You slice the kobold brigand!! You burn the kobold brigand.
The kobold brigand is severely wounded.
The kobold brigand hits you with a +0 club. x2
* * * LOW HITPOINT WARNING * * *
Your unstable footing causes you to fumble your attack.
The kobold brigand splashes around in the water.
The kobold brigand hits you with a +0 club.
* * * LOW HITPOINT WARNING * * *
You barely miss the kobold brigand.
The kobold brigand is severely wounded.
The kobold brigand misses you.
The kobold brigand hits you with a +0 club.
* * * LOW HITPOINT WARNING * * *
You feel better.
The kobold brigand hits you with a +0 club.
* * * LOW HITPOINT WARNING * * *
You completely miss the kobold brigand.
The kobold brigand is severely wounded.
The kobold brigand splashes around in the water.
Your unstable footing causes you to fumble your attack.
The kobold brigand misses you.
The kobold brigand hits you with a +0 club!
* * * LOW HITPOINT WARNING * * *
You closely miss the kobold brigand.
The kobold brigand is severely wounded.
The kobold brigand hits you with a +0 club!
You die...

###.###.....~~~..#
######.....~....~~~~~.#
###≈≈≈~~~~~~~~~~~~~≈≈≈~~#.
#≈≈≈≈≈≈≈≈≈≈≈≈≈≈≈≈≈≈≈≈≈~.K.
#≈≈≈≈≈~~~~≈~~~~~~~≈≈≈~.#
#######.....~.~.~~~~~..#
#######~~~~.~.~~.#
##K######### #h# #~# #)#
#)# #~# #~# #~# #~# #~#


You could see a kobold brigand.

Vanquished Creatures
  2 water moccasins (D:5)
  A kobold brigand (Sewer)
  2 elf zombies (Ossuary)
  2 bombardier beetles
  2 jellies (D:4)
  2 orc priests (D:5)
  2 hounds (D:4)
  An iguana (D:4)
  A hound zombie (Ossuary)
  4 mummies (Ossuary)
  4 gnolls
  5 adders
  3 river rats (Sewer)
  2 dart slugs
  4 ribbon worms
  8 orcs
  8 ball pythons
  5 bats
  3 endoplasms
  5 giant cockroaches
  A gnoll zombie (Ossuary)
  7 hobgoblins
  A jackal (Sewer)
  14 kobolds
  7 quokkas
  2 frilled lizards
  4 goblins
  A goblin zombie (Ossuary)
  2 hobgoblin zombies (Ossuary)
  A jackal zombie (Ossuary)
  2 kobold zombies (Ossuary)
  10 rats
  2 rat zombies (Ossuary)
120 creatures vanquished.

Notes
Turn   | Place    | Note
-------+----------+-------------------------------------------
     0 | D:1      | Arex the Demonspawn Shapeshifter began the quest for the
                  | Orb.
     0 | D:1      | Reached XP level 1. HP: 15/15 MP: 1/1
   137 | D:1      | Gained mutation: You have an unusually large brain. (Int
                  | +2) [demonic ancestry]
   137 | D:1      | Reached XP level 2. HP: 17/21 MP: 2/2
   548 | D:2      | Got Saos's Lessons on Movement
   563 | D:2      | Reached skill level 3 in Unarmed Combat
   688 | D:2      | Gained mutation: Your touch may inflict minor irresistible
                  | damage on your foes. [demonic ancestry]
   688 | D:2      | Reached XP level 3. HP: 26/27 MP: 3/3
  1362 | D:3      | Gained mutation: You have an extremely huge brain. (Int +4)
                  | [demonic ancestry]
  1362 | D:3      | Reached XP level 4. HP: 33/33 MP: 4/4
  1857 | D:4      | Gained mutation: You regenerate a little health from kills.
                  | [demonic ancestry]
  1857 | D:4      | Reached XP level 5. HP: 22/39 MP: 5/5
  1987 | D:4      | Found a sand-covered staircase.
  2001 | Ossuary  | Entered an ossuary
  2052 | Ossuary  | Reached skill level 4 in Unarmed Combat
  2052 | Ossuary  | Gained mutation: You regenerate health from kills. [demonic
                  | ancestry]
  2052 | Ossuary  | Reached XP level 6. HP: 12/47 MP: 6/6
  2619 | D:3      | Reached XP level 7. HP: 52/52 MP: 7/7
  2857 | D:5      | Entered Level 5 of the Dungeon
  2977 | D:5      | Found a hide-covered altar of Uskayaw.
  3068 | D:5      | Found a glowing drain.
  3072 | Sewer    | Entered a sewer
  3412 | Sewer    | Reached skill level 5 in Unarmed Combat
  3542 | Sewer    | Slain by a kobold brigand

Illustrated notes

Levels and vault maps discovered:
D:1:      zelgadis_glass_arrival_small, layout_rooms
D:2:      layout_loops_ring, chequers_serial_rivers_micro_b
D:3:      layout_rooms
D:4:      layout_rooms, enter_ossuary_2
D:5:      layout_basic, mainiacjoe_overflow_six_doors_small,
          grunt_temple_overflow_open, gup_sewer_entry_bowl
Sewer:    sewer_kobolds

Skill      XL: |  1  2  3  4  5  6  7 |
---------------+----------------------+-----
Dodging        | 2 3 4 |  4.4
Unarmed Combat | 3 4 5 |  5.0
Shapeshifting  | 3 4 |  4.6
Fighting       | 2 3 4 |  4.5

Action                     |  1- 3 |  4- 6 |  7- 9 || total
---------------------------+-------+-------+-------++-------
  Melee: Unarmed           |   131 |   103 |     4 ||   238
         Punch             |     4 |    10 |       ||    14
         Touch             |     6 |    29 |     2 ||    37
         Whip              |       |    70 |       ||    70
         Triple sword      |       |       |   116 ||   116
  Throw: Throwing net      |       |     1 |       ||     1
    Use: Scroll            |     3 |     6 |     2 ||    11
         Potion            |       |     2 |     1 ||     3
   Stab: Sleeping          |     1 |     3 |       ||     4
 Armour: Animal skin       |    43 |   134 |    59 ||   236
  Dodge: Dodged            |   104 |   299 |   155 ||   558

Table legend: (Time is in decaauts)
 A = Elapsed time spent in this place.
 B = Non-inter-level travel time spent in this place.
 C = Inter-level travel time spent in this place.
 D = Time resting spent in this place.
 E = Time spent auto-exploring this place.
 F = Levels seen in this place.
 G = Mean time per level.
                   A        B        C        D        E       F      G
               +--------+--------+--------+--------+--------+-----+--------+
         Total |   3729 |   3451 |    278 |    387 |   1849 |   7 |  532.7 |
       Dungeon |   2845 |   2567 |    278 |    143 |   1658 |   5 |  569.0 |
         Sewer |    620 |    620 |      0 |    244 |     77 |   1 |  620.0 |
       Ossuary |    262 |    262 |      0 |      0 |    114 |   1 |  262.0 |
               +--------+--------+--------+--------+--------+-----+--------+

Top non-repeatable levels by time:
     D:2: 935 daAuts
   Sewer: 620 daAuts
     D:3: 592 daAuts
     D:4: 580 daAuts
     D:1: 505 daAuts
 Ossuary: 262 daAuts
     D:5: 231 daAuts
